 Dungeon Crawl Stone Soup version 0.27.0-1-g7a089689b8 (webtiles) character file.

Game seed: 4399239068212129176

7 Spectrina the Ducker (level 1, 0/13 HPs)
             Began as a Deep Elf Monk on Aug 7, 2021.
             Slain by an orc (8 damage)
             ... on level 3 of the Dungeon.
             The game lasted 00:01:12 (93 turns).

Spectrina the Ducker (Deep Elf Monk)                  Turns: 93, Time: 00:01:12

Health: 0/13       AC:  2    Str:  8    XL:     1   Next: 83%
Magic:  4/5        EV: 13    Int: 14    God:
Gold:   0          SH:  0    Dex: 17    Spells: 4/4 levels left

rFire    . . .     SeeInvis .   a - +0 short sword
rCold    . . .     Faith    .   (no shield)
rNeg     . . .     Spirit   .   b - +0 robe
rPois    .         Reflect  .   (no helmet)
rElec    .         Harm     .   (no cloak)
rCorr    .         Rampage  .   (no gloves)
Will     .....                  (no boots)
Stlth    ++........             (no amulet)
HPRegen  0.04/turn              (no ring)
MPRegen  0.09/turn              (no ring)

@: no status effects
A: no striking features
a: no special abilities


You were on level 3 of the Dungeon.
You visited 1 branch of the dungeon, and saw 3 of its levels.

Inventory:

Hand Weapons
 a - a +0 short sword (weapon)
Missiles
 d - 7 stones (quivered)
Armour
 b - a +0 robe (worn)
Scrolls
 c - a scroll of teleportation {unknown}


   Skills:
 - Level 2.4 Fighting
 - Level 3.0 Short Blades
 - Level 3.6 Dodging
 - Level 2.4 Stealth
 + Level 2.1 Spellcasting


You had 4 spell levels left.
You didn't know any spells.
Your spell library was empty.

Dungeon Overview and Level Annotations

Branches:
Dungeon (3/15)

Altars:


Message History

There is a stone staircase leading up here.
Unknown command.
The helpless orc fails to defend itself.
You puncture the orc!
You kill the orc!
Your Spellcasting skill increases to level 1!
Unknown command.
A quokka, a hobgoblin and an orc come into view.
Found a ring mail.
Found a stone staircase leading up.
The helpless orc fails to defend itself.
You puncture the orc!
You kill the orc!
Unknown command.
The orc misses you.
You hit the orc.
The orc is moderately wounded.
You hit the orc.
You kill the orc!
Your Spellcasting skill increases to level 2!
Things that are here:
a +0 club; an orc corpse The orc shouts!
The hobgoblin shouts!
Unknown command.
Things that are here:
a +0 club; an orc corpse The orc barely misses you.
Things that are here:
a +0 club; an orc corpse You hit the orc but do no damage.
The orc closely misses you.
You hit the orc.
The orc is moderately wounded.
The orc hits you with a +0 trident.
You barely miss the orc.
The orc is moderately wounded.
The orc completely misses you.
You closely miss the orc.
The orc is moderately wounded.
The orc hits you with a +0 trident!
Ouch! That really hurt!
You die...

## . .# ####.#
.....####
#######........
.rg..o)g.....#
#####o####.###
####...@><.......
#......#)##.#.###
#....<.#.# #
###....#.#
#.##.#.# #. .....
# #.... #...#
....


You could see an orc and a hobgoblin.

Vanquished Creatures
  3 orcs (D:3)
  A ball python (D:2)
4 creatures vanquished.

Notes
Turn   | Place    | Note
-------+----------+-------------------------------------------
     0 | D:1      | Spectrina the Deep Elf Monk began the quest for the Orb.
     0 | D:1      | Reached XP level 1. HP: 13/13 MP: 3/3
     0 | D:1      | Noticed a gargoyle
     0 | D:1      | Noticed a formicid
     1 | D:1      | Noticed a ghoul
     3 | D:1      | Noticed a naga
     5 | D:1      | Noticed a palentonga
     6 | D:1      | Noticed a human
     8 | D:1      | Noticed a draconian
    10 | D:1      | Noticed a minotaur
    12 | D:1      | Noticed a demigod
    16 | D:1      | Noticed a barachi
    16 | D:1      | Noticed a ghoul
    16 | D:1      | Noticed a ghoul
    18 | D:1      | Noticed a minotaur
    20 | D:1      | Noticed a minotaur
    79 | D:3      | Reached skill level 1 in Spellcasting
    93 | D:3      | Slain by an orc

Illustrated notes

Levels and vault maps discovered:
D:1:      shiori_arrival_whats_in_store_for_you, layout_loops_ring,
          hellmonk_ecumenical_altar_run_dry, grunt_decor_resistance
D:2:      layout_loops_ring, basic_altar, kennysheep_potato
D:3:      layout_basic, gup_sewer_entry_glass, uniq_sigmund

Skill      XL: |  1 |
---------------+----+-----
Spellcasting   | 2 |  2.1
Fighting       | |  2.4
Short Blades   | |  3.0
Dodging        | |  3.6
Stealth        | |  2.4

Action                   || total
-------------------------++-------
Melee: Short sword       ||    11
 Stab: Sleeping          ||     2
Dodge: Dodged            ||     7
